 Dungeon Crawl Stone Soup version 0.23.2-33-g5129a83184 (webtiles) character file.

Game seed: 10534835774362755536

5814 troglodite the Blocker (level 10, 0/121 (123) HPs)
             Began as a Gnoll Fighter on July 14, 2019.
             Was a Follower of Ashenzari.
             Slain by a komodo dragon (8 damage)
             ... on level 10 of the Dungeon on July 15, 2019.
             The game lasted 00:44:38 (9398 turns).

troglodite the Blocker (Gnoll Fighter)              Turns: 9398, Time: 00:44:39

HP:   0/121 (123)   AC: 13    Str: 23    XL:     10   Next: 79%
MP:   18/18         EV: 10    Int: 13    God:    Ashenzari [*.....]
Gold: 506           SH: 12    Dex: 16    Spells: 20/20 levels left

rFire    . . .     SeeInvis .   F - +4 falchion (vamp)
rCold    . . .     Gourm    .   c - +0 shield (curse)
rNeg     . . .     Faith    .   u - +0 chain mail
rPois    .         Spirit   .   (no helmet)
rElec    .         Reflect  .   j - +0 cloak (curse)
rCorr    .         Harm     .   x - +0 pair of gloves (curse)
MR       .....                  (no boots)
Stlth    ..........             p - amulet of rage
HPRegen  0.30/turn              (no ring)
MPRegen  0.16/turn              (no ring)

@: berserking, very quick
A: distributed training, fangs 1, strong nose
a: Curse Item, Scrying, Renounce Religion, Evoke Berserk Rage


You were on level 10 of the Dungeon.
You worshipped Ashenzari.
Ashenzari was aware of your devotion.
You were not hungry.

You visited 2 branches of the dungeon, and saw 11 of its levels.

You collected 506 gold pieces.

Inventory:

Hand Weapons
 a - a +0 trident
 F - a +4 vampiric falchion (weapon)
Armour
 c - a cursed +0 shield (worn)
 j - a cursed +0 cloak (worn)
 s - a +0 troll leather armour {Purgy}
 u - a +0 chain mail (worn)
 x - a cursed +0 pair of gloves (worn)
Jewellery
 p - an amulet of rage (around neck)
Wands
 q - a wand of paralysis (7)
 t - a wand of random effects (30)
 A - a wand of polymorph (7)
 D - a wand of disintegration (5)
Scrolls
 b - 3 scrolls of fear {unknown}
 e - 8 scrolls of identify {unknown}
 k - 7 scrolls of amnesia {unknown}
 m - 4 scrolls of remove curse
 v - a scroll of enchant armour {unknown}
 w - 10 scrolls of teleportation {unknown}
 y - 2 scrolls of blinking {unknown}
 B - a scroll of random uselessness {unknown}
 C - a scroll of magic mapping {unknown}
 E - a scroll of vulnerability {unknown}
Potions
 d - 2 potions of might
 g - 2 potions of cancellation {unknown}
 h - 3 potions of flight {unknown}
 i - a potion of degeneration {unknown}
 l - a potion of agility
 n - a potion of curing
 o - 2 potions of brilliance {unknown}
 r - a potion of ambrosia {unknown}
 z - a potion of haste {unknown}
Comestibles
 f - 5 rations


   Skills:
 + Level 8.6 Fighting
 + Level 5.5 Short Blades
 + Level 5.5 Long Blades
 + Level 5.5 Axes
 + Level 5.5 Maces & Flails
 + Level 7.2 Polearms
 + Level 5.5 Staves
 + Level 5.5 Slings
 + Level 5.5 Bows
 + Level 5.5 Crossbows
 + Level 5.5 Throwing
 + Level 8.6 Armour
 + Level 5.5 Dodging
 + Level 5.5 Stealth
 + Level 8.6 Shields
 + Level 5.5 Unarmed Combat
 + Level 5.5 Spellcasting
 + Level 4.5 Conjurations
 + Level 4.5 Hexes
 + Level 4.5 Charms
 + Level 4.5 Summonings
 + Level 4.5 Necromancy
 + Level 4.5 Translocations
 + Level 4.5 Transmutations
 + Level 4.5 Fire Magic
 + Level 4.5 Ice Magic
 + Level 4.5 Air Magic
 + Level 4.5 Earth Magic
 + Level 4.5 Poison Magic
 + Level 6.0 Invocations
 + Level 5.5 Evocations


You had 20 spell levels left.
You didn't know any spells.
Your spell library contained the following spells:

 Spells                   Type           Power        Failure   Level  Hunger
 Sting                    Conj/Pois      ###.         36%         1    None
 Poisonous Vapours        Pois/Air       ###...       50%         2    ##.....
 Mephitic Cloud           Conj/Pois/Air  ###.....     75%         3    ###....
 Olgreb's Toxic Radiance  Pois           ###.....     98%         4    ####...
 Venom Bolt               Conj/Pois      ###.......   100%        5    ######.


Dungeon Overview and Level Annotations

Branches:
Dungeon (10/15)            Temple (1/1) D:6            Lair (0/6) D:9
    Orc: D:9-12

Altars:
Ashenzari
Cheibriados
Dithmenos
Elyvilon
Fedhas
Gozag
Hepliaklqana
Kikubaaqudgha
Makhleb
Nemelex Xobeh
Okawaru
Qazlal
Ru
Sif Muna
Trog
Uskayaw
Vehumet
Wu Jian
Xom
Yredelemnul
Zin
The Shining One
Beogh

Annotations:
D:6 3 runed translucent doors, Joat's ghost, novice DsFi


Innate Abilities, Weirdness & Mutations

Your experience applies equally to all skills.
You have very sharp teeth.
Your uncanny sense of smell can sniff out nearby items.


Message History

The komodo dragon is heavily wounded.
The komodo dragon bites you but does no damage.
You hit the komodo dragon.
You feel better.
You bite the komodo dragon, but do no damage.
The komodo dragon is heavily wounded.
The komodo dragon bites you!
* * * LOW HITPOINT WARNING * * *
You hit the komodo dragon but do no damage.
The komodo dragon is heavily wounded.
The komodo dragon bites you!
* * * LOW HITPOINT WARNING * * *
You fail to use your ability.
The komodo dragon bites you but does no damage.
A red film seems to cover your vision as you go berserk!
You feel yourself moving faster!
You feel mighty!
You feel quite a bit more hungry. You block the komodo dragon's attack.
You hit the komodo dragon.
The komodo dragon is severely wounded.
The komodo dragon bites you!
You die...

#.>.# #...# #...# #...#
#... ### #.. #.# #.# #.#
#l# #.# #@#
############.###.###+##
........................
........................
........................
####.........(..........
# #....................
# #.#####....##########
# ### #....#


You could see a komodo dragon.

Vanquished Creatures
  Pikel (D:6)
  A centaur zombie (D:8)
  A komodo dragon (D:9)
  2 hippogriffs
  Sigmund (D:3)
  5 yaks (D:9)
  A hungry ghost (D:9)
  Edmund (D:6)
  A water moccasin (D:8)
  An orc warrior (D:9)
  Purgy (D:3)
  A phantom (D:9)
  An eye of draining (D:10)
  3 sky beasts
  A black bear (D:6)
  7 ogres
  A necrophage (D:9)
  2 centaurs
  A big kobold (D:10)
  2 bullfrogs
  3 scorpions
  4 killer bees (D:8)
  A howler monkey (D:9)
  2 crimson imps
  2 hounds (D:5)
  A quasit (D:8)
  3 orc priests
  2 bullfrog skeletons
  5 orc wizards
  4 iguanas
  6 worker ants
  2 hound skeletons
  13 gnolls
  9 adders
  A shadow imp (D:10)
  An adder zombie (D:5)
  An adder skeleton (D:4)
  3 worms
  2 dart slugs
  2 leopard geckos
  25 orcs
  10 bats
  5 giant cockroaches
  8 goblins
  9 hobgoblins
  7 jackals
  9 kobolds
  A quokka (D:7)
  2 ball pythons
  9 frilled lizards
  12 rats
199 creatures vanquished.

Vanquished Creatures (others)
  Eustachio (D:6)
  A slave (D:6)
  A plant (D:9)
3 creatures vanquished.

Grand Total: 202 creatures vanquished

Notes
Turn   | Place    | Note
-------+----------+-------------------------------------------
     0 | D:1      | troglodite the Gnoll Fighter began the quest for the Orb.
     0 | D:1      | Reached XP level 1. HP: 23/23 MP: 1/1
   216 | D:1      | Reached XP level 2. HP: 29/29 MP: 2/2
   598 | D:1      | Reached XP level 3. HP: 32/35 MP: 3/3
   756 | D:2      | Reached skill level 1 in Invocations
   921 | D:2      | Found a white marble altar of Elyvilon.
  1003 | D:2      | Reached skill level 1 in Short Blades
  1003 | D:2      | Reached skill level 1 in Long Blades
  1003 | D:2      | Reached skill level 1 in Axes
  1003 | D:2      | Reached skill level 1 in Maces & Flails
  1003 | D:2      | Reached skill level 1 in Staves
  1003 | D:2      | Reached skill level 1 in Slings
  1003 | D:2      | Reached skill level 1 in Bows
  1003 | D:2      | Reached skill level 1 in Crossbows
  1003 | D:2      | Reached skill level 1 in Throwing
  1003 | D:2      | Reached skill level 1 in Dodging
  1003 | D:2      | Reached skill level 1 in Stealth
  1003 | D:2      | Reached skill level 1 in Unarmed Combat
  1003 | D:2      | Reached skill level 1 in Spellcasting
  1003 | D:2      | Reached skill level 1 in Evocations
  1003 | D:2      | Reached XP level 4. HP: 41/41 MP: 5/5
  1015 | D:2      | Found an iron altar of Okawaru.
  1203 | D:2      | Reached skill level 1 in Conjurations
  1203 | D:2      | Reached skill level 1 in Hexes
  1203 | D:2      | Reached skill level 1 in Charms
  1203 | D:2      | Reached skill level 1 in Summonings
  1203 | D:2      | Reached skill level 1 in Necromancy
  1203 | D:2      | Reached skill level 1 in Translocations
  1203 | D:2      | Reached skill level 1 in Transmutations
  1203 | D:2      | Reached skill level 1 in Fire Magic
  1203 | D:2      | Reached skill level 1 in Ice Magic
  1203 | D:2      | Reached skill level 1 in Air Magic
  1203 | D:2      | Reached skill level 1 in Earth Magic
  1203 | D:2      | Reached skill level 1 in Poison Magic
  1565 | D:3      | Reached XP level 5. HP: 35/47 MP: 6/6
  1646 | D:3      | Noticed Purgy
  1877 | D:3      | Found a sparkling altar of Nemelex Xobeh.
  1975 | D:3      | Found a burning altar of Makhleb.
  1975 | D:3      | Noticed a blizzard demon
  1979 | D:3      | Noticed an orange demon
  1979 | D:3      | Noticed a hellwing
  2012 | D:3      | Killed Purgy
  2012 | D:3      | Reached XP level 6. HP: 53/53 MP: 8/8
  2161 | D:3      | Noticed Sigmund
  2169 | D:3      | Killed Sigmund
  2169 | D:3      | Reached skill level 5 in Polearms
  2296 | D:4      | Found a shimmering altar of Xom.
  2378 | D:3      | Reached XP level 7. HP: 15/59 MP: 10/10
  3107 | D:4      | Found a stormy altar of Qazlal.
  3370 | D:5      | Entered Level 5 of the Dungeon
  3413 | D:5      | Reached XP level 8. HP: 59/67 MP: 12/12
  3668 | D:5      | Found a glowing silver altar of Zin.
  4162 | D:6      | Found a staircase to the Ecumenical Temple.
  4225 | Temple   | Entered the Ecumenical Temple
  4252 | Temple   | Became a worshipper of Ashenzari the Shackled
  4393 | D:6      | Reached XP level 9. HP: 58/72 MP: 14/14
  4415 | D:6      | Noticed Pikel
  4417 | D:6      | Noticed Edmund
  4424 | D:6      | Found a bloodstained altar of Trog.
  4442 | D:6      | Killed Pikel
  4460 | D:6      | Killed Edmund
  4556 | D:6      | Killed Eustachio
  4723 | D:6      | Noticed Joat's ghost (novice DsFi)
  4726 | D:6      | Found a runed translucent gate.
  4726 | D:6      | Found a runed translucent gate.
  4726 | D:6      | Found a runed translucent gate.
  4731 | D:6      | Found a roughly hewn altar of Beogh.
  4861 | D:6      | Identified the +0 pair of gloves of Borriy {*Drain rC+ rN+}
  4984 | D:7      | Found a sparkling altar of Nemelex Xobeh.
  5567 | D:7      | Found a hazy altar of Hepliaklqana.
  5762 | D:8      | Found a shattered altar of Ashenzari.
  5850 | D:8      | Reached skill level 5 in Invocations
  6240 | D:8      | Reached XP level 10. HP: 29/80 MP: 17/17
  6254 | D:8      | HP: 1/80 [killer bee (4)]
  6751 | D:8      | Found a deep blue altar of Sif Muna.
  7644 | D:9      | Found a radiant altar of Vehumet.
  7865 | D:9      | Reached * piety under Ashenzari
  7923 | D:9      | Reached skill level 5 in Short Blades
  7923 | D:9      | Reached skill level 5 in Long Blades
  7923 | D:9      | Reached skill level 5 in Axes
  7923 | D:9      | Reached skill level 5 in Maces & Flails
  7923 | D:9      | Reached skill level 5 in Staves
  7923 | D:9      | Reached skill level 5 in Slings
  7923 | D:9      | Reached skill level 5 in Bows
  7923 | D:9      | Reached skill level 5 in Crossbows
  7923 | D:9      | Reached skill level 5 in Throwing
  7923 | D:9      | Reached skill level 5 in Dodging
  7923 | D:9      | Reached skill level 5 in Stealth
  7923 | D:9      | Reached skill level 5 in Unarmed Combat
  7923 | D:9      | Reached skill level 5 in Spellcasting
  7923 | D:9      | Reached skill level 5 in Evocations
  8008 | D:8      | HP: 1/82 [hippogriff (6)]
  8545 | D:9      | Found an ornate altar of the Wu Jian Council.
  8953 | D:9      | Found a staircase to the Lair.
  9127 | D:10     | Entered Level 10 of the Dungeon
  9394 | D:10     | HP: 4/81 [komodo dragon (10)]
  9398 | D:10     | Slain by a komodo dragon

Skill      XL: |  1  2  3  4  5  6  7  8  9 10 |
---------------+-------------------------------+-----
Invocations    | 1 2 3 4 5 6 |  6.0
Short Blades   | 1 2 3 4 5 |  5.5
Long Blades    | 1 2 3 4 5 |  5.5
Axes           | 1 2 3 4 5 |  5.5
Maces & Flails | 1 2 3 4 5 |  5.5
Staves         | 1 2 3 4 5 |  5.5
Slings         | 1 2 3 4 5 |  5.5
Bows           | 1 2 3 4 5 |  5.5
Crossbows      | 1 2 3 4 5 |  5.5
Throwing       | 1 2 3 4 5 |  5.5
Dodging        | 1 2 3 4 5 |  5.5
Stealth        | 1 2 3 4 5 |  5.5
Unarmed Combat | 1 2 3 4 5 |  5.5
Spellcasting   | 1 2 3 4 5 |  5.5
Evocations     | 1 2 3 4 5 |  5.5
Conjurations   | 1 2 3 4 |  4.5
Hexes          | 1 2 3 4 |  4.5
Charms         | 1 2 3 4 |  4.5
Summonings     | 1 2 3 4 |  4.5
Necromancy     | 1 2 3 4 |  4.5
Translocations | 1 2 3 4 |  4.5
Transmutations | 1 2 3 4 |  4.5
Fire Magic     | 1 2 3 4 |  4.5
Ice Magic      | 1 2 3 4 |  4.5
Air Magic      | 1 2 3 4 |  4.5
Earth Magic    | 1 2 3 4 |  4.5
Poison Magic   | 1 2 3 4 |  4.5
Polearms       | 5 6 7 |  7.2
Fighting       | 7 8 |  8.6
Armour         | 7 8 |  8.6
Shields        | 7 8 |  8.6

Action                   |  1- 3 |  4- 6 |  7- 9 | 10-12 || total
-------------------------+-------+-------+-------+-------++-------
Melee: Trident           |   103 |   128 |   526 |   363 ||  1120
       Bite              |     6 |    20 |    76 |    59 ||   161
       Falchion          |       |       |       |    15 ||    15
Invok: Curse Item        |       |       |     3 |       ||     3
 Abil: Evoke Berserk Rag |       |     2 |     3 |     5 ||    10
Evoke: Wand              |       |       |       |     1 ||     1
  Use: Potion            |       |     1 |     1 |     4 ||     6
  Eat: Chunk             |       |     6 |    16 |     4 ||    26
       Ration            |       |       |       |     7 ||     7
Armor: Scale mail        |    31 |    45 |       |       ||    76
       Chain mail        |       |    14 |   225 |   145 ||   384
Dodge: Dodged            |    23 |    41 |   135 |    93 ||   292
Block: Shield            |    43 |    68 |   266 |   191 ||   568
